Map: Dusty Gorge

Players

MonstroTown - Winner!

  • Race: Terran Terran
  • Spawn Location: 9:00

Michael - Winner!

  • Race: Zerg Zerg
  • Spawn Location: 11:00

Franco

  • Race: Protoss Protoss
  • League: Diamond
  • Spawn Location: 5:00

Mattdallago

  • Race: Protoss Protoss
  • Spawn Location: 3:00

VOD

Have the link to the VOD?

Description

Time

  • Played on: Aug. 25, 2018, 4:37 p.m.
  • Length: 9:40
Show
View Real Time Build Order
Export as new Build Order

MonstroTown Terran - Winner!

Build Orders:  

Get SALT Encoding   

  12  0:01  SCV  
  13  0:13  SCV  
  14  0:18  Supply Depot  
  14  0:25  SCV  
  15  0:40  SCV  
  15  0:41  Barracks  
  16  0:47  Refinery  
  16  0:55  SCV  
  17  1:07  SCV  
  18  1:19  SCV  
  19  1:30  Reaper  
  20  1:56  Orbital Command  
  20  2:21  Barracks Reactor  
  20  2:23  SCV  
  21  2:35  Command Center  
  21  2:36  SCV  
  22  2:39  Factory  
  22  2:48  Barracks  
  22  2:59  Marine  
  22  3:00  Supply Depot  
  23  3:07  Marine  
  24  3:16  Marine  
  25  3:21  Barracks  
  25  3:24  Factory Tech Lab  
  25  3:40  Marine x2  
  26  3:45  Siege Tank  
  29  4:08  Engineering Bay  
  29  4:10  Barracks Tech Lab  
  29  4:11  Starport  
  29  4:15  Refinery  
  29  4:20  Orbital Command  
  29  4:42  Marine x2  
  29  4:43  Barracks Tech Lab  
  31  4:49  Stimpack  
  31  4:53  SCV x2  
  33  5:03  Refinery  
  33  5:05  SCV  
  34  5:09  Medivac  
  36  5:31  SCV x2  
  38  5:39  Barracks  
  38  5:41  Engineering Bay  
  38  5:43  Factory, SCV  
  39  6:00  Marine x3  
  39  6:01  Marauder  
  39  6:03  Siege Tank, Starport Reactor  
  47  6:18  Terran Infantry Weapons Level 1  
  47  6:19  SCV, Marauder  
  47  6:20  SCV, Refinery  
  51  6:32  SCV  
  52  6:49  Marine x2  
  54  7:00  Barracks Reactor  
  54  7:08  Supply Depot x3  
  54  7:12  Medivac x2, Marine x4  
  54  7:14  Factory Reactor  
  60  7:35  Starport  
  60  7:36  Missile Turret  
  60  7:40  Missile Turret, SCV x2  
  61  7:52  SCV x2  
  59  8:09  Missile Turret  
  51  8:22  Marine x3  
  51  8:23  Marine x2  
  51  8:25  SCV x2  
  54  8:30  Siege Tank  
  54  8:31  Medivac x2  
  54  8:33  Starport Tech Lab  
  61  8:37  SCV  
  62  8:54  Marine x5  
  62  8:55  Marine  
  70  9:13  Marauder  
Show
View Real Time Build Order
Export as new Build Order

Michael Zerg - Winner!

Build Orders: Hatch First 

Get SALT Encoding   

  12  0:01  Drone  
  13  0:12  Overlord  
  13  0:18  Drone  
  14  0:31  Drone x2  
  14  0:35  Drone  
  17  0:56  Hatchery  
  16  0:57  Drone  
  16  1:02  Drone  
  18  1:06  Extractor  
  17  1:18  Spawning Pool  
  16  1:28  Drone x3  
  19  1:39  Drone  
  20  1:50  Overlord  
  20  2:07  Queen  
  20  2:08  Queen  
  22  2:10  Zergling x2  
  22  2:11  Zergling x2  
  26  2:17  Metabolic Boost  
  26  2:21  Drone x2  
  28  2:25  Drone  
  28  2:29  Drone  
  30  2:42  Roach Warren  
  29  2:45  Overlord  
  29  2:48  Overlord  
  29  2:54  Overlord  
  29  3:11  Zergling x6  
  29  3:12  Zergling x2  
  32  3:20  Drone x2  
  32  3:25  Drone  
  32  3:26  Drone x4  
  39  3:27  Drone  
  39  3:33  Roach  
  42  3:35  Roach  
  44  3:42  Roach  
  46  3:49  Roach x2  
  46  3:55  Queen  
  52  3:58  Overlord  
  52  4:01  Overlord  
  52  4:13  Lair  
  52  4:20  Evolution Chamber  
  52  4:22  Drone x4  
  55  4:24  Drone  
  56  4:37  Roach x4  
  63  4:40  Roach  
  65  4:55  Roach  
  67  5:05  Overlord  
  67  5:06  Overlord x5  
  67  5:07  Overlord  
  67  5:12  Extractor, Glial Reconstitution  
  63  5:40  Drone x4  
  63  5:41  Drone  
  68  5:46  Hatchery  
  68  5:48  Spore Crawler  
  66  5:50  Extractor, Spore Crawler  
  66  5:51  Extractor  
  66  5:54  Spine Crawler  
  62  5:59  Spine Crawler  
  61  6:04  Hatchery  
  60  6:16  Drone  
  60  6:17  Drone x2  
  63  6:19  Drone x3  
  63  6:20  Drone  
  67  6:31  Drone x3  
  70  6:40  Drone  
  70  6:41  Drone x4  
  70  6:44  Drone  
  76  7:02  Roach  
  76  7:03  Roach x3  
  76  7:07  Zergling x2  
  85  7:10  Drone  
  85  7:11  Drone x3  
  85  7:14  Queen  
  87  7:35  Drone x2  
  87  7:36  Drone x6  
  93  7:37  Drone  
  93  7:40  Spore Crawler  
  93  7:42  Spore Crawler, Spine Crawler  
  93  7:43  Spine Crawler  
  82  7:45  Queen, Spore Crawler  
  82  7:46  Drone x4  
  81  7:54  Drone  
  81  7:55  Drone x8  
  87  8:01  Overseer  
  87  8:03  Overseer x3  
  87  8:10  Spore Crawler  
  87  8:11  Spore Crawler  
  85  8:13  Spine Crawler  
  85  8:18  Spine Crawler  
  85  8:19  Spore Crawler  
  82  8:20  Spine Crawler  
  80  8:27  Roach x5  
  80  8:28  Roach x2  
  86  9:01  Infestation Pit  
  86  9:02  Hydralisk Den  
  84  9:16  Spore Crawler  
  83  9:17  Spore Crawler, Spine Crawler  
  83  9:19  Spore Crawler, Spine Crawler  
  83  9:20  Drone x12  
  83  9:21  Spine Crawler  
Show
View Real Time Build Order
Export as new Build Order

Franco Protoss 

Build Orders: Cannon Rush 

Get SALT Encoding   

  12  0:02  Probe  
  13  0:17  Pylon  
  13  0:36  Forge  
  13  0:43  Probe  
  14  0:55  Probe  
  15  0:58  Gateway  
  15  1:12  Pylon  
  15  1:16  Pylon  
  15  1:18  Probe  
  16  1:27  Pylon  
  16  1:30  Probe  
  17  1:35  Photon Cannon  
  17  1:44  Photon Cannon  
  16  1:55  Photon Cannon  
  16  1:57  Photon Cannon  
  16  2:04  Photon Cannon  
  16  2:11  Photon Cannon  
  15  2:22  Cybernetics Core  
  15  2:25  Probe  
  16  2:32  Assimilator  
  16  2:38  Pylon  
  16  2:44  Probe  
  19  2:57  Photon Cannon  
  17  3:08  Stalker  
  17  3:09  Assimilator  
  17  3:19  Probe  
  20  3:27  Probe  
  21  3:38  Probe  
  22  3:41  Stalker  
  24  3:50  Probe  
  25  4:02  Probe  
  26  4:11  Warp Gate  
  26  4:14  Probe  
  27  4:26  Probe  
  27  4:29  Nexus  
  28  4:39  Twilight Council  
  28  4:47  Pylon  
  28  5:01  Stalker  
  28  5:03  Probe  
  31  5:15  Probe  
  31  5:16  Gateway  
  31  5:19  Gateway  
  32  5:27  Probe  
  33  5:34  Dark Shrine  
  33  5:49  Probe x2  
  37  6:01  Probe x2  
  37  6:14  Probe x2  
  39  6:22  Probe x2  
  39  6:23  Robotics Facility  
  39  6:30  Probe  
  41  6:38  Gateway  
  42  6:41  Gateway  
  42  6:43  Gateway  
  42  6:54  Pylon  
  42  6:55  Dark Templar, Pylon  
  42  6:57  Pylon  
  44  7:04  Dark Templar  
  44  7:06  Dark Templar  
  48  7:29  Dark Templar  
  50  7:31  Probe  
  37  7:48  Dark Templar x2  
  34  8:06  Warp Prism  
  34  8:12  Probe x2  
  34  8:16  Zealot  
  36  8:33  Dark Templar x2  
  40  9:01  Probe x2  
Show
View Real Time Build Order
Export as new Build Order

Mattdallago Protoss 

Build Orders:  

Get SALT Encoding   

  12  0:16  Pylon  
  12  0:21  Probe  
  13  0:33  Probe  
  14  0:45  Probe  
  14  0:46  Forge  
  15  1:35  Pylon  
  15  1:58  Photon Cannon  
  15  2:09  Probe  
  16  2:21  Probe  
  17  2:33  Probe  
  17  2:36  Pylon  
  18  2:45  Probe  
  19  2:57  Photon Cannon, Probe  
  19  3:09  Pylon  
  19  3:29  Photon Cannon  
  19  3:55  Probe  
  20  4:07  Probe  
  21  4:19  Pylon  
  21  4:40  Photon Cannon  
  21  4:47  Photon Cannon  
  20  4:55  Photon Cannon  
  18  5:54  Gateway  
  18  5:59  Pylon  
  18  6:27  Pylon  
Tags
 
Add a new tag
Caveats
  • Supply blocks, unpowered buildings, or Contaminate may cause inaccurate times.
  • Supply counts are checked every 10 seconds.